 Dungeon Crawl Stone Soup version 0.31.0-4-g52a2dc7128 (webtiles) character file.

Game seed: 12208169393059921507

649 Strat the Chopper (level 7, -3/54 HPs)
             Began as a Human Berserker on Jan 22, 2024.
             Was a Priest of Trog.
             Slain by Edmund
             ... wielding a +3 flail of protection
              (7 damage)
             ... on level 5 of the Dungeon.
             The game lasted 00:06:51 (2190 turns).

Strat the Chopper (Human Berserker)                 Turns: 2190, Time: 00:06:51

Health: -3/54      AC: 11    Str: 19    XL:     7   Next: 53%
Magic:  7/7        EV:  8    Int:  8    God:    Trog [***...]
Gold:   181        SH:  0    Dex: 12    Spells: 6/6 levels left

rFire   . . .        a - +0 hand axe
rCold   . . .        (no shield)
rNeg    . . .        z - +0 chain mail
rPois   .            p - +0 helmet
rElec   .            (no cloak)
rCorr   .            v - +0 pair of gloves
SInv    .            (no boots)
Will    .....        (no amulet) Stlth
                     (no ring)
HPRegen 0.29/turn    (no ring)
MPRegen 0.10/turn

%: no passive effects
@: on berserk cooldown, slowed, very slow
A: explore regen
a: Renounce Religion, Berserk, Trog's Hand


You were on level 5 of the Dungeon.
You worshipped Trog.
Trog was most pleased with you.
You visited 1 branch of the dungeon, and saw 5 of its levels.
You also visited: Sewer.

You collected 181 gold pieces.

Inventory:

Hand Weapons
 a - a +0 hand axe (weapon)
 r - a +0 flail
Armour
 b - a +0 animal skin
 e - a +0 ring mail
 p - a +0 helmet (worn)
 s - a +0 plate armour
 v - a +0 pair of gloves (worn)
 z - a +0 chain mail (worn)
Wands
 o - a wand of flame (13)
Scrolls
 c - a scroll of teleportation
 n - 2 scrolls of enchant armour {unknown}
 q - 2 scrolls of identify {unknown}
 u - 2 scrolls of poison {unknown}
 w - a scroll of blinking {unknown}
 y - 2 scrolls of noise {unknown}
Potions
 d - a potion of resistance {unknown}
 i - 2 potions of brilliance {unknown}
 k - 3 potions of haste {unknown}
 l - a potion of lignification {unknown}
 t - 2 potions of curing {unknown}
 x - a potion of mutation {unknown}


   Skills:
 + Level 4.2 Fighting
 * Level 7.4 Axes
 + Level 3.5 Armour
 - Level 2.0 Dodging


You had 6 spell levels left.
You didn't know any spells.
Your spell library was empty.

Dungeon Overview and Level Annotations

Branches:
Dungeon (5/15)             Temple (0/1) D:4           Sewer (visited)

Altars:
Kikubaaqudgha
Qazlal
Vehumet

Shops:
D:4 *

Annotations:
D:2 Natasha
D:5 Edmund


Innate Abilities, Weirdness & Mutations

You regain HP and MP as you explore.


Message History

* * * LOW HITPOINT WARNING * * *
You hit Edmund.
Edmund is almost dead.
Edmund hits you with a +3 flail of protection.
* * * LOW HITPOINT WARNING * * *
Edmund hits you but does no damage.
You closely miss Edmund.
Edmund is almost dead.
Edmund hits you but does no damage.
You barely miss Edmund.
Edmund is almost dead.
Edmund hits you with a +3 flail of protection.
* * * LOW HITPOINT WARNING * * *
You hit Edmund but do no damage.
Edmund is almost dead.
Edmund hits you with a +3 flail of protection.
* * * LOW HITPOINT WARNING * * *
Edmund hits you with a +3 flail of protection.
* * * LOW HITPOINT WARNING * * *
You closely miss Edmund.
Edmund is almost dead.
Edmund hits you with a +3 flail of protection.
* * * LOW HITPOINT WARNING * * *
You hit Edmund.
Edmund is almost dead.
Edmund barely misses you.
You hit Edmund but do no damage.
Edmund is almost dead.
Edmund barely misses you.
Edmund hits you with a +3 flail of protection!
* * * LOW HITPOINT WARNING * * *
You hit Edmund but do no damage.
Edmund is almost dead.
Edmund hits you with a +3 flail of protection.
* * * LOW HITPOINT WARNING * * *
You closely miss Edmund.
Edmund is almost dead.
Edmund hits you with a +3 flail of protection!
You die...
Edmund whines, "They better pay attention to me now!"

.....# ##.#.###
##......# #.......+
##....#.# ##..#.# #
#.....# #.@####
#.@####.## #+
#......... #.
#.......#.# #.#
#.#######.###.##
#.##### #.##...##
#..bbb# #<#.....###
#.###.# #.##.......
#.###.###.##..#....
#.........##..#.###


You could see Edmund.

Vanquished Creatures
  An ice beast (D:5)
  A black bear (D:4)
  A vampire bat (D:4)
  A bombardier beetle (D:3)
  2 jellies (Sewer)
  An orc priest (D:5)
  An iguana (D:5)
  Natasha (D:2)
  An orc wizard (D:5)
  Robin (D:3)
  7 adders
  4 river rats
  2 ribbon worms (D:4)
  11 orcs
  10 ball pythons
  4 bat skeletons (D:4)
  A bat zombie (D:4)
  13 endoplasms
  4 giant cockroaches (Sewer)
  13 goblins
  3 hobgoblins
  7 jackals
  9 kobolds
  5 quokkas
  2 bats (D:1)
  2 frilled lizards
  6 rats
114 creatures vanquished.

Notes
Turn   | Place    | Note
-------+----------+-------------------------------------------
     0 | D:1      | Strat the Human Berserker began the quest for the Orb.
     0 | D:1      | Reached XP level 1. HP: 18/18 MP: 1/1
    64 | D:1      | Reached XP level 2. HP: 13/24 MP: 2/2
   356 | D:1      | Reached skill level 4 in Axes
   380 | D:1      | Reached XP level 3. HP: 29/29 MP: 3/3
   528 | D:2      | Noticed Natasha
   541 | D:2      | Reached ** piety under Trog
   546 | D:2      | Killed Natasha
   751 | D:2      | Noticed Natasha
   794 | D:3      | Reached XP level 4. HP: 28/35 MP: 4/4
   808 | D:3      | Noticed Robin
   817 | D:3      | Killed Robin
   818 | D:3      | Reached skill level 5 in Axes
   935 | D:3      | Reached XP level 5. HP: 38/41 MP: 5/5
  1207 | D:4      | Found a stormy altar of Qazlal.
  1214 | D:4      | Noticed a black bear
  1230 | D:4      | Killed a black bear
  1231 | D:4      | Reached skill level 6 in Axes
  1231 | D:4      | Reached XP level 6. HP: 24/47 MP: 6/6
  1283 | D:4      | Found an ancient bone altar of Kikubaaqudgha.
  1485 | D:4      | Found a radiant altar of Vehumet.
  1504 | D:4      | Reached *** piety under Trog
  1559 | D:4      | Found a glowing drain.
  1564 | Sewer    | Entered a sewer
  1693 | Sewer    | Reached XP level 7. HP: 21/53 MP: 7/7
  1769 | Sewer    | Found a viscous altar of Jiyva.
  1781 | Sewer    | Reached skill level 7 in Axes
  1870 | D:4      | Found Qiunawn's Assorted Antiques.
  1879 | D:4      | Found a staircase to the Ecumenical Temple.
  1939 | D:5      | Entered Level 5 of the Dungeon
  2148 | D:5      | Noticed Edmund
  2190 | D:5      | Slain by Edmund

Illustrated notes

Levels and vault maps discovered:
D:1:      minmay_arrival_three_doors, layout_basic
D:2:      layout_basic, st_stairs_1, minmay_tall_x, uniq_natasha
D:3:      layout_loops_cross, serial_shops, shop, uniq_robin
D:4:      layout_cave_pods, nicolae_vehumet_altar_sigil,
          kennysheep_vampire_church, nicolae_qazlal_scattered_showers,
          minmay_temple_entry_butterflies, serial_shops, nicolae_square_shop,
          gup_sewer_entry_bowl
D:5:      layout_loops_corners, uniq_edmund

Skill      XL: |  1  2  3  4  5  6  7 |
---------------+----------------------+-----
Axes           | 4 5 6 7 |  7.4
Armour         | 3 |  3.5
Fighting       | 4 |  4.2
Dodging        | |  2.0

Action                     |  1- 3 |  4- 6 |  7- 9 || total
---------------------------+-------+-------+-------++-------
  Melee: Hand axe          |    85 |   244 |   115 ||   444
         Punch             |       |     2 |       ||     2
 Invoke: Berserk           |     1 |     3 |     2 ||     6
  Evoke: Wand              |       |     4 |       ||     4
    Use: Scroll            |       |       |     6 ||     6
 Armour: Animal skin       |     6 |       |       ||     6
         Ring mail         |    48 |   208 |    17 ||   273
         Chain mail        |       |       |    49 ||    49
  Dodge: Dodged            |    59 |   156 |    44 ||   259
